Map: Piaskowy Wąwóz

Players

maxis - Winner!

  • Race: Zerg Zerg
  • League: Platinum
  • Spawn Location: 5:00

Legol - Winner!

  • Race: Protoss Protoss
  • League: Gold
  • Spawn Location: 3:00

Basy

  • Race: Terran Terran
  • League: Platinum
  • Spawn Location: 11:00

KIRIMPIMPIR

  • Race: Terran Terran
  • League: Platinum
  • Spawn Location: 9:00

VOD

Have the link to the VOD?

Description

Time

  • Played on: Jan. 1, 2020, 3:24 p.m.
  • Length: 14:51
Show
View Real Time Build Order
Export as new Build Order

maxis Zerg - Winner!

Build Orders: Hatch First 

Get SALT Encoding   

  12  0:01  Drone  
  13  0:12  Overlord  
  13  0:20  Drone  
  14  0:37  Drone x3  
  17  0:59  Drone, Hatchery  
  17  1:00  Drone  
  18  1:13  Extractor  
  18  1:15  Spawning Pool  
  16  1:20  Drone  
  17  1:27  Drone  
  19  1:32  Drone  
  19  1:42  Drone  
  20  1:50  Hatchery  
  19  1:55  Drone  
  20  2:03  Overlord  
  20  2:07  Queen  
  22  2:31  Drone x4, Queen  
  28  2:39  Overlord  
  28  2:46  Overlord  
  28  2:56  Overlord  
  28  2:58  Drone x3  
  30  3:02  Drone  
  32  3:06  Drone  
  33  3:13  Zergling x2, Baneling Nest  
  33  3:14  Zergling x2  
  34  3:24  Queen  
  36  3:30  Lair  
  36  3:33  Queen  
  38  3:43  Metabolic Boost  
  37  4:08  Baneling x3  
  37  4:14  Zergling x22  
  37  4:15  Zergling x8  
  45  4:57  Drone  
  45  4:58  Drone x12  
  58  5:00  Overlord x3  
  58  5:07  Pneumatized Carapace  
  58  5:08  Overseer  
  58  5:22  Extractor  
  58  5:24  Extractor x2  
  58  5:26  Extractor  
  58  5:27  Drone x3  
  58  5:28  Drone, Extractor  
  57  5:29  Drone x2  
  57  5:31  Drone x3  
  57  5:33  Drone x3  
  57  5:34  Drone x3  
  68  5:51  Baneling  
  68  5:52  Baneling x5  
  68  5:53  Drone x2  
  68  5:54  Drone x3  
  68  5:55  Drone x2  
  75  5:57  Drone x2  
  75  5:58  Drone x2  
  75  6:01  Overseer  
  75  6:03  Drone x3  
  82  6:06  Overlord x2  
  82  6:59  Spire  
  81  7:03  Drone  
  82  7:14  Drone  
  82  7:15  Drone  
  84  7:19  Evolution Chamber x2  
  82  7:39  Overlord x5  
  82  7:48  Hatchery  
  81  7:58  Zerg Ground Armor Level 1, Zerg Missile Weapons Level 1  
  81  8:04  Hydralisk Den  
  80  8:19  Mutalisk  
  80  8:20  Mutalisk x13  
  108  8:38  Muscular Augments  
  108  8:53  Zerg Flyer Weapons Level 1  
  108  9:08  Hydralisk x4  
  108  9:09  Hydralisk x4  
  124  9:40  Hydralisk  
  124  9:41  Hydralisk x8  
  142  9:50  Grooved Spines  
  138  10:19  Zergling x20  
  144  10:25  Overlord  
  144  10:26  Overlord x5  
  140  10:44  Corruptor x8  
  156  10:52  Zerg Missile Weapons Level 2  
  156  11:10  Zergling x22  
  167  11:36  Centrifical Hooks  
  167  11:44  Hatchery  
  136  11:54  Hydralisk x13  
  136  11:55  Hydralisk  
  164  12:15  Zerg Ground Armor Level 2  
  164  12:27  Baneling  
  164  12:28  Baneling x8  
  101  13:13  Hydralisk x12  
  101  13:14  Hydralisk  
  115  13:35  Zergling x38  
  120  13:52  Zergling x22  
  120  13:53  Zergling x2  
  96  14:17  Hydralisk x3  
  96  14:18  Hydralisk x10  
  102  14:34  Zergling x2  
Show
View Real Time Build Order
Export as new Build Order

Legol Protoss - Winner!

Build Orders:  

Get SALT Encoding   

  12  0:01  Probe  
  13  0:13  Probe  
  14  0:19  Pylon  
  14  0:25  Probe  
  15  0:38  Gateway  
  15  0:40  Probe (Chrono Boost)  
  17  0:50  Probe (Chrono Boost)  
  17  0:51  Assimilator  
  17  0:57  Probe (Chrono Boost)  
  18  1:09  Probe (Chrono Boost)  
  19  1:16  Probe (Chrono Boost)  
  20  1:23  Probe  
  21  1:26  Cybernetics Core  
  21  1:28  Pylon  
  21  1:35  Probe  
  21  1:37  Assimilator  
  22  1:47  Probe  
  23  2:00  Probe  
  24  2:04  Warp Gate  
  24  2:06  Stalker  
  26  2:19  Nexus  
  26  2:31  Gateway  
  26  2:36  Stalker (Chrono Boost)  
  28  2:45  Probe  
  29  2:57  Pylon, Probe  
  30  3:13  Robotics Facility  
  30  3:15  Probe  
  30  3:17  Stalker  
  33  3:20  Sentry  
  35  3:30  Probe (Chrono Boost)  
  35  3:32  Probe (Chrono Boost)  
  39  3:42  Probe (Chrono Boost)  
  39  3:43  Probe (Chrono Boost)  
  39  3:44  Gateway  
  39  3:47  Probe (Chrono Boost)  
  39  3:51  Probe  
  39  3:54  Stalker  
  39  3:55  Sentry  
  45  4:02  Immortal (Chrono Boost)  
  45  4:09  Probe x2  
  47  4:24  Stalker x2  
  51  4:38  Pylon  
  51  4:39  Pylon  
  53  5:01  Pylon  
  53  5:03  Gateway  
  53  5:08  Probe x2  
  53  5:09  Gateway x2  
  55  5:14  Immortal (Chrono Boost)  
  55  5:15  Stalker  
  55  5:16  Sentry  
  55  5:20  Probe x2  
  61  5:35  Probe x2  
  63  5:38  Assimilator  
  63  5:40  Stalker  
  63  5:41  Stalker  
  63  5:42  Assimilator  
  67  5:47  Probe x2  
  69  5:55  Pylon  
  69  5:59  Probe  
  70  6:06  Forge  
  70  6:07  Pylon  
  70  6:10  Pylon  
  70  6:13  Probe, Observer (Chrono Boost)  
  72  6:27  Stalker x3  
  72  6:28  Stalker  
  80  6:38  Nexus  
  80  6:40  Pylon  
  80  6:44  Robotics Bay  
  80  6:47  Warp Prism (Chrono Boost)  
  82  6:54  Stalker x2  
  86  7:01  Protoss Ground Weapons Level 1 (Chrono Boost)  
  86  7:08  Zealot x2  
  86  7:09  Zealot  
  92  7:18  Robotics Facility  
  92  7:21  Probe  
  92  7:22  Probe  
  94  7:33  Probe  
  94  7:34  Probe  
  96  8:02  Probe x3  
  99  8:07  Pylon  
  99  8:10  Pylon  
  99  8:14  Probe x2  
  99  8:15  Probe, Gateway  
  99  8:17  Gateway  
  99  8:19  Gateway  
  102  8:20  Twilight Council  
  102  8:30  Stalker x4  
  102  8:31  Extended Thermal Lance (Chrono Boost), Stalker  
  112  8:36  Probe  
  112  8:37  Probe x2  
  115  8:48  Probe  
  115  8:49  Probe x2  
  115  8:50  Assimilator  
  115  8:53  Zealot  
  115  8:55  Assimilator, Zealot x2  
  120  8:56  Zealot x2  
  120  9:00  Probe  
  123  9:07  Probe x2  
  121  9:13  Probe  
  122  9:18  Colossus  
  122  9:19  Probe x2  
  130  9:24  Charge (Chrono Boost)  
  130  9:25  Pylon  
  130  9:27  Pylon  
  130  9:31  Pylon  
  130  9:33  Pylon  
  130  9:36  Pylon  
  130  9:39  Photon Cannon, Gateway  
  130  9:40  Protoss Ground Weapons Level 2 (Chrono Boost)  
  130  9:42  Photon Cannon  
  130  9:43  Colossus (Chrono Boost)  
  136  9:53  Forge  
  136  10:11  Nexus  
  136  10:12  Colossus (Chrono Boost), Pylon  
  142  10:22  Zealot  
  142  10:23  Zealot x5  
  142  10:24  Zealot  
  156  10:40  Colossus (Chrono Boost)  
  156  10:44  Pylon  
  156  10:45  Pylon  
  156  10:47  Protoss Ground Armor Level 1 (Chrono Boost)  
  156  10:48  Pylon  
  162  10:52  Assimilator  
  162  10:57  Assimilator  
  162  11:04  Colossus (Chrono Boost), Pylon  
  162  11:06  Pylon  
  162  11:11  Pylon  
  168  11:14  Sentry x3  
  168  11:15  Pylon  
  174  11:25  Templar Archives  
  174  11:37  Stalker x2  
  174  11:38  Stalker x2  
  180  11:49  Colossus (Chrono Boost)  
  182  12:11  Probe x4  
  182  12:15  Zealot x4  
  190  12:16  Zealot x3  
  200  12:37  Photon Cannon  
  200  12:39  Photon Cannon  
  200  12:43  Photon Cannon  
  200  12:46  Photon Cannon  
  200  12:51  Photon Cannon  
  200  12:55  Photon Cannon  
  182  13:10  Stalker x3  
  182  13:11  Stalker x5  
  182  13:12  Stalker  
  198  13:26  Psionic Storm  
  194  13:33  Gateway  
  194  13:35  Gateway  
  194  13:37  Gateway  
  194  13:39  Gateway  
  194  13:42  Gateway  
Show
View Real Time Build Order
Export as new Build Order

Basy Terran 

Build Orders:  

Get SALT Encoding   

  12  0:01  SCV  
  13  0:13  SCV  
  14  0:18  Supply Depot  
  14  0:25  SCV  
  15  0:31  Refinery  
  15  0:40  SCV  
  16  0:46  Barracks  
  16  0:52  SCV  
  17  1:04  SCV  
  17  1:06  Supply Depot  
  18  1:17  SCV  
  19  1:22  Barracks  
  19  1:39  Factory, Marine  
  20  1:43  SCV  
  21  1:53  Refinery  
  21  1:58  Marine  
  22  2:09  Orbital Command  
  22  2:11  Marine  
  23  2:19  Marine  
  24  2:25  Factory Tech Lab  
  24  2:32  Marine  
  24  2:34  Starport  
  25  2:37  SCV  
  26  2:45  Supply Depot  
  26  2:53  Siege Tank  
  26  2:55  Marine  
  30  2:59  Marine  
  31  3:06  SCV  
  32  3:15  Medivac  
  32  3:18  Marine x2  
  36  3:49  Command Center  
  27  4:57  Siege Tank, Marine  
  27  4:58  Marine  
  29  5:02  Starport Tech Lab  
  29  5:08  SCV  
  29  5:09  Fusion Core  
  30  5:20  SCV  
  31  5:22  Barracks Reactor  
  31  5:25  Barracks Tech Lab  
  31  5:29  Siege Tank  
  31  5:33  SCV, Supply Depot  
  35  5:37  Engineering Bay  
  35  5:40  SCV  
  36  5:45  SCV  
  36  5:47  Refinery  
  36  5:48  Refinery  
  37  5:51  Marauder  
  37  5:52  SCV  
  37  5:53  Stimpack  
  40  5:57  SCV  
  40  6:02  Marine  
  40  6:03  Marine  
  43  6:04  SCV  
  43  6:09  SCV  
  45  6:13  Marauder  
  45  6:16  SCV  
  48  6:20  Marine x2  
  50  6:27  Battlecruiser  
  56  6:32  Supply Depot  
  56  6:34  Marauder  
  56  6:38  Marine  
  59  6:41  Siege Tank  
  62  6:54  SCV  
  62  6:55  Marauder  
  62  6:58  Terran Infantry Weapons Level 1  
  62  6:59  Marine x2  
  67  7:01  SCV  
  67  7:06  SCV  
  69  7:14  SCV  
  70  7:24  Supply Depot, Siege Tank, Marauder  
  70  7:26  SCV  
  70  7:27  Weapon Refit  
  76  7:38  SCV  
  76  7:41  Marine x2  
  76  7:44  Concussive Shells  
  79  7:45  Marine  
  79  7:46  Supply Depot  
  80  8:04  Marauder  
  82  8:09  Orbital Command  
  82  8:44  Armory  
  82  8:46  Battlecruiser  
  88  8:52  Terran Infantry Armor Level 1  
  88  8:53  Starport  
  88  8:58  Factory  
  88  9:13  Siege Tank  
  91  9:18  Supply Depot  
  91  9:23  Missile Turret  
  91  9:28  Missile Turret  
  91  9:30  Missile Turret  
  91  9:31  Armory, Missile Turret  
  91  9:34  Missile Turret x2  
  91  9:41  Supply Depot  
  91  9:42  Starport Reactor  
  91  9:43  Terran Vehicle And Ship Armor Level 1  
  91  9:50  Medivac  
  93  10:50  Terran Ship Weapons Level 1  
  93  10:54  Medivac x2  
  93  10:56  Marine x3  
  100  10:58  Factory Tech Lab  
  100  11:00  Thor  
  100  11:02  Battlecruiser  
  112  11:13  Command Center  
  112  11:14  Marine  
  112  11:15  Marauder  
  112  11:16  Marine  
  116  11:28  Missile Turret  
  116  11:32  Marine  
  117  11:33  Missile Turret  
  117  11:34  Marine  
  117  11:38  Missile Turret, Terran Vehicle Weapons Level 1  
  118  11:47  Marauder  
  114  11:48  Missile Turret  
  114  11:49  Marine  
  115  12:06  Marine  
  115  12:07  Marine x2  
  118  12:24  Thor  
  118  12:26  Marauder  
Show
View Real Time Build Order
Export as new Build Order

KIRIMPIMPIR Terran 

Build Orders:  

Get SALT Encoding   

  12  0:02  SCV  
  13  0:14  SCV  
  14  0:23  Supply Depot  
  14  0:30  SCV  
  15  0:46  Barracks  
  15  0:57  Barracks  
  15  1:05  Barracks  
  15  1:19  SCV  
  16  1:33  Marine  
  17  1:52  Marine  
  18  1:59  Marine  
  19  2:02  Supply Depot  
  19  2:05  Marine  
  20  2:12  Marine  
  21  2:17  Marine  
  21  2:22  Orbital Command, Marine  
  23  2:30  Marine  
  24  2:44  Marine  
  24  2:46  Marine  
  24  2:50  SCV  
  27  2:54  Refinery  
  27  2:57  Supply Depot  
  27  2:59  Marine  
  27  3:02  SCV, Marine  
  30  3:12  Marine  
  31  3:19  SCV  
  32  3:25  Marine x2  
  32  3:26  Engineering Bay  
  34  3:37  Marine  
  35  3:42  SCV  
  36  3:54  Missile Turret, SCV  
  37  4:01  Factory  
  37  4:06  SCV  
  37  4:07  Supply Depot  
  37  4:08  Marine  
  39  4:22  SCV  
  37  4:52  Marine x3  
  28  4:55  Factory Tech Lab  
  27  5:04  Refinery  
  27  5:10  Marine x2  
  27  5:11  Factory  
  30  5:15  Command Center, Widow Mine  
  30  5:18  Bunker  
  30  5:20  Barracks Tech Lab  
  31  5:29  Barracks Tech Lab  
  31  5:30  Marine  
  32  5:38  SCV  
  33  5:47  Siege Tank  
  36  5:50  SCV  
  36  6:02  SCV  
  36  6:03  Marauder  
  36  6:04  Marine  
  40  6:15  Siege Tank  
  43  6:29  Orbital Command  
  43  6:31  Missile Turret  
  43  6:40  Starport  
  43  6:43  Missile Turret  
  43  6:51  Widow Mine x2  
  47  6:59  SCV x2  
  49  7:03  Command Center  
  49  7:04  Refinery  
  49  7:05  Marine  
  50  7:09  Marauder  
  50  7:11  SCV  
  50  7:12  SCV  
  54  7:23  SCV, Refinery  
  54  7:24  SCV  
  56  7:35  SCV  
  56  7:36  SCV, Widow Mine x2  
  62  7:42  Starport Reactor  
  62  7:48  Supply Depot  
  62  7:49  Supply Depot  
  62  7:51  Supply Depot  
  62  8:10  SCV x2  
  62  8:12  Supply Depot  
  64  8:16  Missile Turret  
  64  8:22  SCV  
  65  8:32  Viking x2  
  65  8:33  Factory  
  69  8:37  Missile Turret  
  69  8:39  Planetary Fortress  
  72  8:41  Siege Tank  
  72  8:47  Siege Tank  
  75  8:54  Factory  
  75  8:55  Infernal Pre-Igniter  
  75  9:09  Factory  
  79  9:14  SCV  
  79  9:15  SCV  
  77  9:26  SCV  
  77  9:27  SCV  
  77  9:30  Missile Turret  
  75  9:38  Factory Tech Lab, Missile Turret  
  75  9:49  Missile Turret  
  63  10:16  Hi-Sec Auto Tracking  
  63  10:22  Missile Turret  
  63  10:23  Missile Turret  
  63  10:25  Armory  
  63  10:27  Missile Turret  
  58  11:17  Missile Turret  
  58  11:19  Missile Turret  
  58  11:21  Factory Tech Lab x2  
  58  11:26  Thor  
  58  11:27  Thor  
  70  11:56  Thor  
  76  12:04  Drilling Claws  
  76  12:23  Hellbat  
  78  12:33  Supply Depot  
  78  12:34  Supply Depot  
  78  12:35  Supply Depot  
  78  12:36  Terran Vehicle Weapons Level 1  
  78  12:55  Viking x2, Hellbat x2  
  78  12:56  Hellbat x2  
  66  13:30  Thor x3  
  84  13:40  Thor x2  
Tags
 
Add a new tag
Caveats
  • Supply blocks, unpowered buildings, or Contaminate may cause inaccurate times.
  • Supply counts are checked every 10 seconds.